 Dungeon Crawl Stone Soup version 0.29.1-15-g9cfb28693d (webtiles) character file.

Game seed: 1512399134376977326

86 Artool the Cudgeller (level 4, -18/34 HPs)
             Began as a Demonspawn Gladiator on Apr 5, 2023.
             Was an Initiate of Hepliaklqana.
             Demolished by an ogre
             ... wielding a +0 giant club
              (23 damage)
             ... on level 4 of the Dungeon.
             The game lasted 00:03:18 (3399 turns).

Artool the Cudgeller (Demonspawn Gladiator)         Turns: 3399, Time: 00:03:19

Health: -18/34     AC:  6    Str: 15    XL:     4   Next: 27%
Magic:  4/4        EV: 14    Int:  9    God:    Hepliaklqana [......]
Gold:   757        SH:  0    Dex: 16    Spells: 3/3 levels left

rFire   . . .      SeeInvis .   r - +0 whip
rCold   . . .      Faith    .   (no shield)
rNeg    . . .      Spirit   .   u - +0 ring mail
rPois   .          Reflect  .   c - +0 helmet
rElec   .          Harm     .   (no cloak)
rCorr   .          Rampage  .   (no gloves)
Will    .....                   (no boots)
Stlth   +.........              (no amulet)
HPRegen 0.11/turn               (no ring)
MPRegen 0.09/turn               (no ring)

@: no status effects
A: repulsion field 1, demonic guardian 1, demonic magic 1
a: Renounce Religion


You were on level 4 of the Dungeon.
You worshipped Hepliaklqana.
Hepliaklqana was noncommittal.
You visited 1 branch of the dungeon, and saw 4 of its levels.

You collected 757 gold pieces.

Inventory:

Hand Weapons
 a - a +0 flail
 r - a +0 whip (weapon)
Missiles
 d - 3 throwing nets (quivered)
 e - a javelin
Armour
 b - a +0 leather armour
 c - a +0 helmet (worn)
 n - a +0 plate armour
 u - a +0 ring mail (worn)
Jewellery
 l - an amulet of regeneration
Scrolls
 g - 5 scrolls of identify
 i - 4 scrolls of teleportation
 k - a scroll of enchant armour {unknown}
 o - a scroll of torment {unknown}
 p - a scroll of immolation {unknown}
 q - a scroll of vulnerability {unknown}
 s - 2 scrolls of magic mapping {unknown}
Potions
 h - 2 potions of curing
 m - a potion of degeneration {unknown}
 t - a potion of ambrosia {unknown}


   Skills:
 + Level 2.6 Fighting
 + Level 3.1 Maces & Flails
 - Level 1.7 Throwing
 * Level 2.1 Armour
 + Level 3.1 Dodging


You had 3 spell levels left.
You didn't know any spells.
Your spell library was empty.

Dungeon Overview and Level Annotations

Branches:
Dungeon (4/15)
 Temple: D:4-7

Altars:
Fedhas
Hepliaklqana
Trog
Yredelemnul


Innate Abilities, Weirdness & Mutations

You are surrounded by a mild repulsion field. (EV +2)
A weak demonic guardian rushes to your aid.
Spells you cast may paralyse adjacent enemies.


Message History

No target in view!
Things that are here:
a +0 club; a +0 ring mail
There is a stone staircase leading down here.
You climb downwards.
You hear the hiss of flowing sand.
There is an entrance to an ossuary on this level.
Hurry and find it before the portal is buried!
There is a stone staircase leading up here.
As you read the scroll labelled ZOLAC USOYPH, it crumbles to dust.
You feel strangely unstable.
It was a scroll of teleportation.
As you read the scroll labelled FOESUD IGUXUTY, it crumbles to dust.
It is a scroll of identify.
h - 2 potions of curing This is a scroll of acquirement!
Something appears at your feet!
You now have 733 gold pieces (gained 587).
Blink to where?
Press: ? - help, Dir - move target
As you read the scroll labelled WIAHUANORE, it crumbles to dust.
It was a scroll of blinking.
Your surroundings suddenly seem different.
Found 15 gold pieces.
You now have 748 gold pieces (gained 15).
You now have 757 gold pieces (gained 9).
An ogre comes into view. It is wielding a +0 giant club.
Found a short sword.
You hit the ogre.
The ogre is lightly wounded.
You hit the ogre but do no damage. You punch the ogre.
The ogre is lightly wounded.
The ogre hits you with a +0 giant club!!
Ouch! That really hurt!
* * * LOW HITPOINT WARNING * * *
A demonic guardian appears!
You hit the ogre but do no damage.
The ogre is lightly wounded.
You hear the slow hiss of a very distant avalanche of sand.
The ogre hits you with a +0 giant club!!
Ouch! That really hurt!
You die...

#.#######.#
#.........#
########.O#
#..# #..#
#..# #..#
#..#########
#.......O@.#
#.##.#####.#
#. #.# #5#
#. #.# #.#
#.##.# #.#
#....# #.#
####.# ###
#.# ###


You could see an ogre (ally target) and a friendly shadow imp (summoned).

Vanquished Creatures
  An orc priest (D:3)
  A worm (D:3)
  2 dart slugs (D:1)
  6 orcs (D:3)
  3 ball pythons
  4 bats
  2 endoplasms
  2 giant cockroaches
  2 goblins
  4 hobgoblins
  5 kobolds
  2 quokkas (D:2)
  3 frilled lizards
  4 rats
41 creatures vanquished.

Vanquished Creatures (collateral kills)
  An orc (D:3)
1 creature vanquished.

Grand Total: 42 creatures vanquished

Notes
Turn   | Place    | Note
-------+----------+-------------------------------------------
     0 | D:1      | Artool the Demonspawn Gladiator began the quest for the
                  | Orb.
     0 | D:1      | Reached XP level 1. HP: 16/16 MP: 1/1
   386 | D:1      | Gained mutation: Spells you cast may paralyse adjacent
                  | enemies. [demonic ancestry]
   386 | D:1      | Reached XP level 2. HP: 22/22 MP: 2/2
   525 | D:1      | Reached skill level 1 in Armour
  1612 | D:2      | Gained mutation: A weak demonic guardian rushes to your
                  | aid. [demonic ancestry]
  1612 | D:2      | Reached XP level 3. HP: 28/28 MP: 3/3
  1670 | D:2      | Found a faded altar of an unknown god.
  2099 | D:3      | Gained mutation: You are surrounded by a mild repulsion
                  | field. (EV +2) [demonic ancestry]
  2099 | D:3      | Reached XP level 4. HP: 29/34 MP: 4/4
  2210 | D:3      | Found a blossoming altar of Fedhas.
  2210 | D:3      | Found a hazy altar of Hepliaklqana.
  2747 | D:3      | Found a basalt altar of Yredelemnul.
  2826 | D:3      | Found a bloodstained altar of Trog.
  3244 | D:3      | Became a worshipper of Hepliaklqana the Forgotten
  3354 | D:4      | Identified a scroll of acquirement
  3354 | D:4      | Acquired 587 gold pieces
  3376 | D:4      | Noticed an ogre
  3399 | D:4      | Demolished by an ogre

Illustrated notes

Levels and vault maps discovered:
D:1:      dpeg_arrival_simpleton_c, layout_basic, serial_forest,
          infiniplex_forest_straight_2, infiniplex_forest_lined_4_way,
          infiniplex_forest_fountain, infiniplex_forest_clump_C,
          infiniplex_forest_lined_2, corexii_item_surrounded_by_moat,
          grunt_decor_arrowhead, minmay_statues_item, st_stairs_3
D:2:      layout_loops_corners, shapermc_ecumenical_altar_notcrosses,
          minmay_misc_feat_x
D:3:      layout_loops_corners, marbit_many_paths, lemuel_crystal_altar,
          gammafunk_temple_overflow_wave
D:4:      layout_loops_ring, nicolae_dithmenos_through_a_glass_darkly,
          lemuel_round_altar, mainiacjoe_overflow_big_doors,
          nicolae_ossuary_entry_monument, lemuel_flame_loot_1

Skill      XL: |  1  2  3 |
---------------+----------+-----
Armour         | 1 2 |  2.1
Dodging        | 3 |  3.1
Maces & Flails | 3 |  3.1
Fighting       | |  2.6
Throwing       | |  1.7

Action                   |  1- 3 |  4- 6 || total
-------------------------+-------+-------++-------
Melee: Flail             |    89 |    18 ||   107
       Punch             |     1 |     2 ||     3
       Whip              |       |    47 ||    47
  Use: Scroll            |       |     4 ||     4
 Stab: Sleeping          |     1 |     1 ||     2
Armor: Leather armour    |    35 |    14 ||    49
Dodge: Dodged            |    53 |    39 ||    92
